 BcadrenCrawl: Boulder Brew version 0.06-688-g08e91b2d95 (webtiles) character file.

Game seed: 13435995431285471611

256 Leeroy the Dualist (level 5, -3/69 HPs) Immature Draconian Priest. Began on Feb 1, 2023. Was a Believer of Bahamut & Tiamat. Slain by a kobold ... wielding a +2 dagger of caustic ooze ... led by a big kobold (5 damage) ... on level 2 of the Dungeon. The game lasted 00:05:01 (1190 turns).

Leeroy the Dualist (Immature Draconian Priest)      Turns: 1190, Time: 00:05:02

Health: -3/69      AC:  2    Str: 13    XL:     5 ^: 14
Magic:  7/10       EV: 12    Int: 11    God:    Bahamut & Tiamat [2* [67]]
Gold:   69         SH:  5    Dex: 14    Spells: 4/4 levels left

rFire    . . .     Slash    +     - Unarmed
rCold    . . .     Pierce   x     - Unarmed
rNeg     . . .     Bludgeon .   (armour unavailable)
rCorr    . . .     Vision   .   (helmet restricted)
rPois    .         Gourm    .   (no cloak)
rElec    .         Faith    .   (no gloves)
MR       .....     Spirit   .   (no boots)
HPRegen  0.33/turn Reflect  +   g - amulet of reflection
MPRegen  0.20/turn Harm     .   e - ring of wizardry
Stlth    ++........             (no ring)

@: short of breath, corroded, studying Short Blades
A: deformed body 2, cold-blooded, draconic flesh, AC +6
a: Breathe Dart, Choose Bahamut's Protection, Choose Tiamat's Retribution,
Adaptive Breath, Renounce Religion


You were on level 2 of the Dungeon.
You worshipped Bahamut & Tiamat.
Bahamut & Tiamat was pleased with you.
You were hungry.

You visited 1 branch of the dungeon, and saw 2 of its levels.
You also visited: Temple.

You collected 69 gold pieces.

Inventory:

Weapons
 c - a +0 dagger
Jewellery
 e - a ring of wizardry (left hand)
 g - an amulet of reflection (around neck)
 k - an uncursed ring of stealth
 l - a cursed ring of fire {(Curse: *Slow)}
Scrolls
 h - 3 scrolls of teleportation
 j - a scroll of torment
Potions
 b - a potion of ambrosia
 f - a potion of cancellation
 i - a potion of mutation
Miscellaneous
 d - a phantom mirror
Comestibles
 a - 4 rations


   Skills:
 + Level 3.8 Fighting
 - Level 1.5 Dodging
 - Level 1.4 Stealth
 - Level 2.6 Unarmed Combat
 * Level 6.7 Invocations


You had 4 spell levels left.
You didn't know any spells.
Your spell library was empty.

Dungeon Overview and Level Annotations

Branches:
Dungeon (2/8)

Altars:


Innate Abilities, Weirdness & Mutations

Your plain brown scales are resilient. (AC +6)
You can breathe rudimentary magical darts.
You cannot wear any armour on your peculiar form.
You are cold-blooded and are slowed more easily by cold attacks.
Your scales resist being cut, but it's oddly easy to stick a small blade between them. (rSlashing+, rPiercing-)


Message History

The kobold is heavily wounded. (2/4) HP You hit the kobold but do no damage.
You hit the kobold (1).
The kobold is severely wounded. (1/4) HP The kobold hits you with a +0 short sword (5).
You are perforated ruthlessly!
* * * LOW HITPOINT WARNING * * *
You hit the kobold (1).
You kill the kobold!
Bahamut approves of your kill.
The kobold hits you with a +2 dagger of caustic ooze (2).
You are perforated ruthlessly!
* * * LOW HITPOINT WARNING * * *
The acid corrodes you!
You are splashed with acid (4).
* * * LOW HITPOINT WARNING * * *
Things that are here:
a +0 short sword; a kobold corpse You hit the kobold but do no damage. x2
The kobold is healthy. (3/3) HP You hit the kobold but do no damage. x2
The kobold is healthy. (3/3) HP The kobold hits you with a +2 dagger of caustic ooze (5).
You are perforated ruthlessly!
You die...

########
########
#.@...≈#
#K≈≈≈≈≈#
#K≈≈≈w≈#
#K≈≈≈≈≈#
#≈≈≈≈≈≈#
#≈≈≈≈≈≈#
#≈≈≈≈≈≈#
#≈≈≈≈≈≈#
#≈≈≈≈≈≈#


You could see a worm and 3 kobolds.

Vanquished Creatures
  2 big kobolds
  A jelly (D:2)
  A giant cockroach (D:1)
  3 cinder newts
  3 leopard geckos (D:1)
  9 bats
  5 goblins (D:1)
  3 hobgoblins (D:1)
  A bat skeleton (D:2)
  11 kobolds
  5 rats (D:1)
44 creatures vanquished.

Vanquished Creatures (others)
  A worm (D:2)
  6 kobolds (D:2)
  23 withered plants (D:2)
30 creatures vanquished.

Grand Total: 74 creatures vanquished

Notes
Turn   | Place    | Note
-------+----------+-------------------------------------------
     0 | Start Te | Leeroy the Immature Draconian Priest began the quest for
                  | the Orb.
     0 | Start Te | Reached XP level 1. HP: 29/29 MP: 3/3
     0 | Start Te | Found a sparkling altar of Nemelex Xobeh.
     1 | Start Te | Found a basalt altar of Yredelemnul.
     1 | Start Te | Found a white marble altar of Elyvilon.
     2 | Start Te | Found an iron altar of Okawaru.
     3 | Start Te | Found a glowing silver altar of Zin.
     3 | Start Te | Found a blossoming altar of Fedhas.
     4 | Start Te | Found a stormy altar of Qazlal.
     5 | Start Te | Found a glowing golden altar of the Shining One.
     5 | Start Te | Found an opulent altar of Gozag.
     6 | Start Te | Found a sacrificial altar of Ru.
     7 | Start Te | Found an ornate altar of Bahamut and Tiamat.
     7 | Start Te | Found a hazy altar of Hepliaklqana.
    15 | Start Te | Became a worshipper of Bahamut & Tiamat
    15 | Start Te | Reached * piety under Bahamut & Tiamat
    15 | Start Te | Reached ** piety under Bahamut & Tiamat
   161 | D:1      | Reached XP level 2. HP: 30/39 MP: 5/5
   218 | D:1      | Reached skill level 5 in Invocations
   278 | D:1      | Reached XP level 3. HP: 44/49 MP: 6/6
   796 | D:1      | Reached skill level 1 in Fighting
   900 | D:2      | Noticed a big kobold
   960 | D:1      | Killed a big kobold
   960 | D:1      | Reached skill level 6 in Invocations
   960 | D:1      | Reached XP level 4. HP: 27/59 MP: 3/8
  1101 | D:2      | Reached XP level 5. HP: 66/69 MP: 9/9
  1188 | D:2      | HP: 2/69 [acid[a big kobold] (4)]
  1190 | D:2      | Slain by a kobold

Illustrated notes

Levels and vault maps discovered:
D:1:      minmay_arrival_widening_spiral_wide, layout_rooms, grunt_decor_cap
D:2:      layout_sewer, lemuel_doored_altar, serial_shops,
          nicolae_shop_statue_plus

Skill      XL: |  1  2  3  4  5 |
---------------+----------------+-----
Invocations    | 5 6 |  6.7
Fighting       | 2 3 |  3.8
Dodging        | |  1.5
Stealth        | |  1.4
Unarmed Combat | |  2.6

Action                   |  1- 3 |  4- 6 || total
-------------------------+-------+-------++-------
Melee: Unarmed           |   122 |    78 ||   200
       Peck              |     6 |    10 ||    16
Throw: Stone             |       |     1 ||     1
       Rusty metal       |       |     1 ||     1
Invok: Adaptive Breath   |     1 |     2 ||     3
       Choose Tiamat's A |     1 |       ||     1
  Use: Potion            |       |     2 ||     2
 Stab: Sleeping          |     1 |       ||     1
       Confused          |       |     1 ||     1
  Eat: Chunk             |       |     1 ||     1
Armor: Skin              |    16 |     8 ||    24
Dodge: Dodged            |    12 |     7 ||    19
Block: Other             |     6 |    11 ||    17
